 Dungeon Crawl Stone Soup version 0.20.1-1-g8b1a95d (webtiles) character file.

233 Irenicus the Cutter (level 6, 0/42 HPs)
             Began as an Octopode Chaos Knight on Oct 13, 2017.
             Slain by a water moccasin (9 damage)
             ... on level 4 of the Dungeon.
             The game lasted 00:06:04 (2222 turns).

Irenicus the Cutter (Octopode Chaos Knight)         Turns: 2222, Time: 00:06:05

Health: 0/42       AC:  1    Str:  8 (11) XL:     6   Next: 5%
Magic:  6/6        EV: 13    Int: 14 (15) God:    Xom [.*....]
Gold:   169        SH:  5    Dex: 16 (19) Spells: 5/5 levels left

rFire    . . .     SeeInvis .   e - +1 dagger (venom)
rCold    . . .     Gourm    .   s - +2 buckler
rNeg     . . .     Faith    .   (helmet restricted)
rPois    .         Spirit   .   y - amulet of magic regeneration
rElec    .         Reflect  .   h - ring of resist corrosion
rCorr    +         Harm     .   o - +6 ring of dexterity
MR       .....                  w - ring of flight
Stlth    ++........             (no ring)
Regen    0.2/turn               (no ring)
MPRegen  0.2/turn               (no ring)
                                (no ring)
                                (no ring)

@: hasted, drained, very quick
A: almost no armour, stealthy swim, amphibious, 8 rings, constrict 8, camouflage
1, gelatinous body 1
a: Renounce Religion, Evoke Flight


You were on level 4 of the Dungeon.
You worshipped Xom.
You were a plaything of Xom.
You were not hungry.

You visited 1 branch of the dungeon, and saw 4 of its levels.

You collected 169 gold pieces.

Inventory:

Hand Weapons
 a - a +0 falchion of chaos
 e - a +1 dagger of venom (weapon)
Armour
 s - a +2 buckler (worn)
Jewellery
 h - a ring of resist corrosion (left tentacle)
 i - an uncursed amulet of harm
 o - a +6 ring of dexterity (right tentacle)
 w - a ring of flight (on tentacle)
 y - an amulet of magic regeneration (around mantle)
Scrolls
 f - a scroll of immolation {unknown}
 g - 2 scrolls of fog {unknown}
 l - a scroll of enchant armour {unknown}
 n - 2 scrolls of remove curse {unknown}
 p - 2 scrolls of teleportation {unknown}
 q - a scroll of noise {unknown}
 r - a scroll of fear {unknown}
 u - a scroll of blinking {unknown}
 v - 2 scrolls of amnesia {unknown}
 x - 2 scrolls of identify {unknown}
Potions
 c - a potion of mutation {unknown}
 d - a potion of haste
 j - a potion of curing
 k - a potion of degeneration
 t - a potion of agility {unknown}
Comestibles
 b - 2 bread rations
 m - 2 royal jellies
 z - 4 chunks of flesh


   Skills:
 - Level 3.0(2.6) Fighting
 + Level 5.5 Short Blades
 - Level 3.1(4.3) Long Blades
 - Level 2.3(1.9) Dodging
 + Level 0.2(0.0) Shields


You had 5 spell levels left.
You didn't know any spells.

Dungeon Overview and Level Annotations

Branches:
Dungeon (4/15)
 Temple: D:4-7

Altars:


Innate Abilities, Weirdness & Mutations

You cannot wear most types of armour.
You are very stealthy in the water. (Stealth+)
You are amphibious.
You can wear up to eight rings at the same time.
You can use your tentacles to constrict eight enemies at once.
Your skin changes colour to match your surroundings (Stealth+).
Your rubbery body absorbs attacks. (AC +1, EV +1)


Message History

You release your grip on the scorpion.
You feel very sick.
It was a potion of haste.
You feel yourself speed up.
You feel sick. The water moccasin bites you.
You are more poisoned.
The water moccasin poisons you! The scorpion stings you!
* * * LOW HITPOINT WARNING * * *
It was a potion of curing.
You feel better.
Xom roars with laughter!
You block the water moccasin's attack. The scorpion stings you.
* * * LOW HITPOINT WARNING * * *
Press: ? - help, v - describe, . - travel
Here: a water moccasin The floor.
It was a potion of degeneration.
There was something very wrong with that liquid.
You feel weakened.
You feel dopey.
You feel clumsy. The water moccasin bites you!
You die...
Xom chuckles heartily!

....... #...............
....... #...............
....... ................
....... ...........#####
....... ######.........## ##
.......###...............# ##.
.....(...................# #..
.##.......###.......<...###.#
........†.s.S@...............#
.......########..........>...#
#..#### ###........#....# ###.
##.........####..#
....###########..#########
#.## #................# ###.#
..#####..........# ######...#
.###........).#####......###
#...........)).......######


You could see a water moccasin and a scorpion.

Vanquished Creatures
  An orc priest (D:3)
  An orc wizard (D:3)
  7 adders
  3 oozes
  2 worms
  2 leopard geckos (D:3)
  11 orcs
  5 bats
  6 giant cockroaches
  5 goblins
  10 hobgoblins
  13 jackals
  7 kobolds
  A quokka (D:3)
  A ball python (D:2)
  2 frilled lizards
  2 rats
79 creatures vanquished.

Notes
Turn   | Place    | Note
-------+----------+-------------------------------------------
     0 | D:1      | Irenicus the Octopode Chaos Knight began the quest for the Orb.
     0 | D:1      | Reached XP level 1. HP: 16/16 MP: 1/1
    60 | D:1      | Reached skill level 1 in Short Blades
   131 | D:1      | XOM: harmless Tmut miscast
   198 | D:1      | Reached XP level 2. HP: 15/21 MP: 2/2
   286 | D:1      | XOM: 8-stop teleportation journey
   291 | D:1      | Reached skill level 2 in Short Blades
   351 | D:1      | XOM: 2-stop teleportation journey
   368 | D:1      | Reached XP level 3. HP: 16/26 MP: 3/3
   883 | D:2      | Reached skill level 3 in Short Blades
   914 | D:2      | XOM: butterfly on damage
   937 | D:2      | XOM: noise
   944 | D:2      | Reached XP level 4. HP: 17/31 MP: 4/4
  1366 | D:2      | XOM: divination: detect creatures
  1602 | D:3      | Reached skill level 4 in Short Blades
  1641 | D:3      | Reached XP level 5. HP: 20/36 MP: 5/5
  1702 | D:3      | Reached skill level 5 in Short Blades
  1982 | D:3      | XOM: smoke on damage
  1992 | D:3      | XOM: medium Ice miscast
  2104 | D:3      | XOM is BORED!
  2172 | D:4      | Reached XP level 6. HP: 42/42 MP: 6/6
  2204 | D:4      | Noticed a water moccasin
  2222 | D:4      | Slain by a water moccasin

Skill      XL: |  1  2  3  4  5 |
---------------+----------------+-----
Short Blades   | 1 2 3 4 5 |  5.5
Fighting       | |  3.0
Long Blades    | |  3.1
Dodging        | |  2.3
Shields        | |  0.2

Action                   |  1- 3 |  4- 6 || total
-------------------------+-------+-------++-------
Melee: Dagger            |    67 |    98 ||   165
       Constrict         |    21 |    31 ||    52
       Tentacles         |    13 |    28 ||    41
       Falchion          |     2 |       ||     2
  Use: Potion            |       |     3 ||     3
 Stab: Sleeping          |     4 |     5 ||     9
  Eat: Chunk             |       |     4 ||     4
Armor: Skin              |     4 |     4 ||     8
Dodge: Dodged            |    35 |    48 ||    83
Block: Buckler           |       |    16 ||    16
